 Dungeon Crawl Stone Soup version 0.31-a0-1447-g87ca8d402b (webtiles) character file.

Game seed: 3404116125624987469

105 Atlas the Digger (level 4, -2/27 HPs)
             Began as an Octopode Earth Elementalist on Dec 27, 2023.
             Slain by a sleepcap (4 damage)
             ... on level 4 of the Dungeon.
             The game lasted 00:03:36 (3394 turns).

Atlas the Digger (Octopode Earth Elementalist)      Turns: 3394, Time: 00:03:37

Health: -2/27      AC:  1    Str:  7    XL:     4   Next: 81%
Magic:  2/9        EV: 13    Int: 19    God:
Gold:   223        SH:  0    Dex: 12    Spells: 3/10 levels left

rFire   . . .        d - +1 short sword (drain)
rCold   . . .        (no shield)
rNeg    . . .        (helmet restricted)
rPois   .            b - amulet of faith
rElec   .            j - ring of wizardry
rCorr   .            (no ring)
SInv    .            (no ring)
Will    .....        (no ring)
Stlth   +++          (no ring)
HPRegen 0.24/turn    (no ring)
MPRegen 0.11/turn    (no ring)
                     (no ring)

%: faith, wizardry (x1)
@: no status effects
A: almost no armour, amphibious, 8 rings, camouflage 1, gelatinous body 1,
(nimble swimmer 1), tentacles
a: no special abilities


You were on level 4 of the Dungeon.
You visited 1 branch of the dungeon, and saw 4 of its levels.

You collected 223 gold pieces.

Inventory:

Hand Weapons
 d - a +1 short sword of draining (weapon)
Jewellery
 b - an amulet of faith (around mantle)
 j - a ring of wizardry (left tentacle)
Scrolls
 c - a scroll of poison {unknown}
 e - 2 scrolls of noise {unknown}
 g - 2 scrolls of identify {unknown}
 i - a scroll of enchant weapon {unknown}
 k - 3 scrolls of teleportation {unknown}
 l - a scroll of summoning {unknown}
 m - a scroll of enchant armour {unknown}
Potions
 a - a potion of magic
 f - 4 potions of degeneration {unknown}
 h - a potion of curing {unknown}
 n - a potion of haste {unknown}


   Skills:
 + Level 0.1 Fighting
 + Level 2.0 Dodging
 + Level 3.1 Stealth
 + Level 3.7 Spellcasting
 + Level 3.9 Earth Magic
 + Level 1.1 Alchemy


You had 3 spell levels left.
You knew the following spells:

 Your Spells              Type           Power      Damage    Failure   Level
a - Sandblast             Erth           36%        2d10      1%          1
b - Passwall              Erth           18%        N/A       3%          3
c - Stone Arrow           Conj/Erth      20%        3d8       8%          3

Your spell library contained the following spells:

 Spells                   Type           Power      Damage    Failure   Level
 Apportation              Tloc           6%         N/A       6%          1
 Ensorcelled Hibernation  Hex/Ice        6%         N/A       9%          2
 Jinxbite                 Hex            6%         N/A       9%          2
 Swiftness                Air            3%         N/A       16%         3
 Petrify                  Alch/Erth      13%        N/A       21%         4
 Brom's Barrelling Bould  Conj/Erth      10%        2d3       26%         4
 Alistair's Intoxication  Alch           4%         N/A       65%         5


Dungeon Overview and Level Annotations

Branches:
Dungeon (4/15)
 Temple: D:4-7

Altars:
Hepliaklqana
Yredelemnul


Innate Abilities, Weirdness & Mutations

You cannot wear most types of armour.
You are amphibious.
You can wear up to eight rings at the same time.
Your skin changes colour to match your surroundings (Stealth+).
Your rubbery body absorbs attacks. (AC +1, EV +1)
((You are camouflaged when in or above water. (Stealth+)))
You have tentacles for arms and can constrict up to eight enemies at once.


Message History

The blast of sand hits the sleepcap.
The sleepcap is heavily damaged.
The sleepcap releases spores at you.
You are engulfed in a cloud of soporific spores!
You fall asleep.
The sleepcap releases spores at you!!
You wake up.
Ouch! That really hurt!
* * * LOW HITPOINT WARNING * * *
You are engulfed in a cloud of soporific spores!
You are unaffected.
Casting: Sandblast (safe; 1% risk of failure)
Confirm with . or Enter, or press ? or * to list all spells.
Aiming: Sandblast (safe; 1% risk of failure)
Press: ? - help, Shift-Dir - straight line, f/p - sleepcap
Aim: a sleepcap (heavily damaged, 100% to hit)
The blast of sand hits the sleepcap but does no damage.
The sleepcap is heavily damaged.
The sleepcap releases spores at you.
* * * LOW HITPOINT WARNING * * *
Unknown command.
Casting: Sandblast (safe; 1% risk of failure)
Confirm with . or Enter, or press ? or * to list all spells.
Aiming: Stone Arrow (quite dangerous; 8% risk of failure)
Press: ? - help, Shift-Dir - straight line, f/p - sleepcap
Aim: a sleepcap (heavily damaged, 100% to hit)
The stone arrow hits the sleepcap!
The sleepcap is almost destroyed.
The sleepcap barely misses you.
Casting: Stone Arrow (quite dangerous; 8% risk of failure)
Confirm with . or Enter, or press ? or * to list all spells.
Okay, then.
Casting: Stone Arrow (quite dangerous; 8% risk of failure)
Confirm with . or Enter, or press ? or * to list all spells.
Aiming: Sandblast (safe; 1% risk of failure)
Press: ? - help, Shift-Dir - straight line, f/p - sleepcap
Aim: a sleepcap (almost destroyed, 100% to hit)
The blast of sand hits the sleepcap but does no damage.
The sleepcap is almost destroyed.
The sleepcap releases spores at you.
You die...

...........#.....#..#
...........#.....'..#
...........#.....#..#
...........#.....#..#
...........#.....#..#
########.###.....####
.#.......>.#
.#.........#
#......@..+
#......f..#
#.........#
#.........#
#.........#
......##+## ......
......


You could see a sleepcap.

Vanquished Creatures
  3 adders
  3 worms (D:2)
  2 dart slugs
  6 orcs (D:3)
  6 bats
  4 endoplasms
  2 giant cockroaches (D:1)
  A goblin (D:2)
  8 hobgoblins
  3 quokkas
  6 ball pythons
  8 kobolds
  5 rats
57 creatures vanquished.

Notes
Turn   | Place    | Note
-------+----------+-------------------------------------------
     0 | D:1      | Atlas the Octopode Earth Elementalist began the quest for
                  | the Orb.
     0 | D:1      | Reached XP level 1. HP: 11/11 MP: 3/3
   189 | D:1      | Reached XP level 2. HP: 17/17 MP: 1/5
  1081 | D:1      | Reached XP level 3. HP: 17/21 MP: 1/6
  1548 | D:2      | Learned a level 3 spell: Passwall
  1552 | D:2      | Learned a level 3 spell: Stone Arrow
  2013 | D:2      | Reached XP level 4. HP: 27/27 MP: 5/8
  2609 | D:3      | Found a hazy altar of Hepliaklqana.
  2613 | D:3      | Found a basalt altar of Yredelemnul.
  3392 | D:4      | HP: 1/27 [sleepcap (5)]
  3394 | D:4      | Slain by a sleepcap

Illustrated notes

Levels and vault maps discovered:
D:1:      saegor_arrival_simple_b, layout_basic, kennysheep_pointless_box
D:2:      layout_loops_corners, minmay_pentomino_s2
D:3:      layout_loops_ring, chequers_temple_overflow_statue_of_worship
D:4:      layout_gridville, skrybe_limestone_x,
          serial_library_hellmonk_reading_circle, minmay_manual_mail

Skill      XL: |  1  2  3 |
---------------+----------+-----
Stealth        | 3 |  3.1
Spellcasting   | 3 |  3.7
Fighting       | |  0.1
Dodging        | |  2.0
Earth Magic    | |  3.9
Alchemy        | |  1.1

Action                     |  1- 3 |  4- 6 || total
---------------------------+-------+-------++-------
  Melee: Unarmed           |     2 |       ||     2
         Tentacles         |     2 |     2 ||     4
         Short sword       |     1 |    10 ||    11
         Constrict         |     1 |     2 ||     3
   Cast: Sandblast         |    60 |    34 ||    94
         Stone Arrow       |       |     1 ||     1
 Armour: Skin              |     9 |    14 ||    23
  Dodge: Dodged            |    13 |    16 ||    29

Table legend: (Time is in decaauts)
 A = Elapsed time spent in this place.
 B = Non-inter-level travel time spent in this place.
 C = Inter-level travel time spent in this place.
 D = Time resting spent in this place.
 E = Time spent auto-exploring this place.
 F = Levels seen in this place.
 G = Mean time per level.
                   A        B        C        D        E       F      G
               +--------+--------+--------+--------+--------+-----+--------+
         Total |   3438 |   3376 |     62 |      0 |   3020 |   4 |  859.5 |
       Dungeon |   3438 |   3376 |     62 |      0 |   3020 |   4 |  859.5 |
               +--------+--------+--------+--------+--------+-----+--------+

Top non-repeatable levels by time:
     D:1: 1351 daAuts
     D:2: 1114 daAuts
     D:3: 837 daAuts
     D:4: 135 daAuts
